 Dungeon Crawl Stone Soup version 0.28-b1-25-g9875b3fc8c (webtiles) character file.

Game seed: 7056770270755723404

762 Xoff the Shield-Bearer (level 7, -6/90 HPs)
             Began as a Gnoll Fighter on Feb 6, 2022.
             Was a Believer of Elyvilon.
             Mangled by Duvessa (12 damage)
             ... on level 6 of the Dungeon.
             The game lasted 00:07:17 (3797 turns).

Xoff the Shield-Bearer (Gnoll Fighter)              Turns: 3797, Time: 00:07:17

Health: -6/90      AC:  9    Str: 17    XL:     7   Next: 81%
Magic:  11/11      EV: 10    Int:  7    God:    Elyvilon [**....]
Gold:   229        SH:  5    Dex: 12    Spells: 11/11 levels left

rFire   . . .      SeeInvis .   o - +2 dagger (venom)
rCold   . . .      Faith    .   c - +0 buckler
rNeg    . . .      Spirit   .   b - +0 scale mail
rPois   .          Reflect  .   (no helmet)
rElec   .          Harm     .   (no cloak)
rCorr   .          Rampage  .   (no gloves)
Will    .....                   p - +0 pair of boots
Stlth   ..........              (no amulet)
HPRegen 0.25/turn               (no ring)
MPRegen 0.12/turn               (no ring)

@: mighty, berserking, very quick
A: fangs 1, strong nose, distributed training
a: Renounce Religion, Purification, Heal Other


You were on level 6 of the Dungeon.
You worshipped Elyvilon.
Elyvilon was pleased with you.
You visited 1 branch of the dungeon, and saw 7 of its levels.

You collected 229 gold pieces.

Inventory:

Hand Weapons
 a - a +0 war axe
 g - a +0 dagger of protection
 o - a +2 dagger of venom (weapon)
 s - a +0 spear
Missiles
 e - 76 stones (quivered)
 i - 22 bolts
 j - a poisoned dart
 k - 18 sling bullets
Armour
 b - a +0 scale mail (worn)
 c - a +0 buckler (worn)
 p - a +0 pair of boots (worn)
Scrolls
 h - 3 scrolls of identify {unknown}
 l - a scroll of noise {unknown}
 n - a scroll of enchant armour {unknown}
 q - a scroll of magic mapping {unknown}
Potions
 d - a potion of might
 f - a potion of berserk rage
 m - a potion of curing {unknown}
 r - a potion of haste {unknown}


   Skills:
 + Level 7.1 Fighting
 + Level 2.7 Short Blades
 + Level 2.7 Long Blades
 + Level 5.3 Axes
 + Level 2.7 Maces & Flails
 + Level 2.7 Polearms
 + Level 2.7 Staves
 + Level 2.7 Slings
 + Level 2.7 Bows
 + Level 2.7 Crossbows
 + Level 2.7 Throwing
 + Level 7.1 Armour
 + Level 2.7 Dodging
 + Level 2.7 Stealth
 + Level 7.1 Shields
 + Level 2.7 Unarmed Combat
 + Level 2.7 Spellcasting
 + Level 2.2 Conjurations
 + Level 2.2 Hexes
 + Level 2.2 Summonings
 + Level 2.2 Necromancy
 + Level 2.2 Translocations
 + Level 2.2 Transmutations
 + Level 2.2 Fire Magic
 + Level 2.2 Ice Magic
 + Level 2.2 Air Magic
 + Level 2.2 Earth Magic
 + Level 2.2 Poison Magic
 + Level 3.0 Invocations
 + Level 2.7 Evocations


You had 11 spell levels left.
You didn't know any spells.
Your spell library was empty.

Dungeon Overview and Level Annotations

Branches:
Dungeon (7/15)
 Temple: D:4-7

Altars:
Ashenzari
Dithmenos
Elyvilon
Hepliaklqana
Kikubaaqudgha

Shops:
D:6 =

Annotations:
D:6 Duvessa


Innate Abilities, Weirdness & Mutations

You have very sharp teeth.
Your uncanny sense of smell can sniff out nearby items.
Your experience applies equally to all skills.


Message History

The scorpion is heavily wounded.
You feel sick.
The scorpion stings you but does no damage.
You block the scorpion's attack.
You closely miss the scorpion.
The scorpion is severely wounded.
You feel sick. The scorpion barely misses you.
You hit the scorpion.
The scorpion is almost dead.
You feel sick.
You kill the scorpion!
Your Invocations skill increases to level 3!
Unknown command.
You feel sick.
As you close the door, it creaks loudly!
You feel sick.
You feel sick.
Duvessa breaks down the door.
You feel sick.
You feel very mighty all of a sudden.
You feel sick.
You are no longer poisoned.
Duvessa goes berserk!
You block Duvessa's attack. Duvessa hits you with a +0 short sword!
* * * LOW HITPOINT WARNING * * *
You see here a +0 scale mail.
Okay, then.
It was a potion of berserk rage.
A red film seems to cover your vision as you go berserk!
You feel yourself moving faster!
You feel mighty! You block Duvessa's attack.
You puncture Duvessa!
Duvessa is poisoned.
Duvessa is lightly wounded.
Duvessa hits you with a +0 short sword! Elyvilon protects you from harm!
You hit Duvessa.
Duvessa looks as sick as possible!
Duvessa is moderately wounded.
Duvessa completely misses you.
You hit Duvessa.
Duvessa looks as sick as possible!
Duvessa is moderately wounded.
Duvessa hits you with a +0 short sword!
You die...

#.. ####+ #..∆ #.... ..#
...... #.# ......###+##.#
....e...#.##.# ∆ #)#.##.#
#####'#e@..#
#.......##.##############
#.......##.#.............
#.......##.########.##.#.
#######.##.# #..).÷.##...
#..##.# #.#######.##
##..##.###......<..#
#.............#######
#.#...[)............#


You could see Duvessa (berserk, fast, extremely poisoned).

Vanquished Creatures
  A black bear (D:6)
  2 ogres (D:6)
  2 bullfrogs
  A scorpion (D:6)
  Dowan (D:6)
  A hound (D:5)
  A gnoll shaman (D:6)
  Jessica (D:2)
  3 gnolls (D:6)
  6 adders
  A white imp (D:6)
  2 ufetubi (D:7)
  3 worms
  4 dart slugs
  2 orcs
  4 ball pythons
  2 endoplasms
  4 giant cockroaches
  A goblin (D:3)
  5 hobgoblins
  9 jackals
  2 quokkas (D:2)
  6 bats
  A frilled lizard (D:1)
  6 kobolds
  11 rats
82 creatures vanquished.

Notes
Turn   | Place    | Note
-------+----------+-------------------------------------------
     0 | D:1      | Xoff the Gnoll Fighter began the quest for the Orb.
     0 | D:1      | Reached XP level 1. HP: 23/23 MP: 1/1
    62 | D:1      | Reached XP level 2. HP: 14/29 MP: 2/2
   458 | D:1      | Reached XP level 3. HP: 35/35 MP: 3/3
   606 | D:2      | Noticed Jessica
   607 | D:2      | Killed Jessica
   608 | D:2      | Reached skill level 1 in Short Blades
   608 | D:2      | Reached skill level 1 in Long Blades
   608 | D:2      | Reached skill level 1 in Maces & Flails
   608 | D:2      | Reached skill level 1 in Polearms
   608 | D:2      | Reached skill level 1 in Staves
   608 | D:2      | Reached skill level 1 in Slings
   608 | D:2      | Reached skill level 1 in Bows
   608 | D:2      | Reached skill level 1 in Crossbows
   608 | D:2      | Reached skill level 1 in Throwing
   608 | D:2      | Reached skill level 1 in Dodging
   608 | D:2      | Reached skill level 1 in Stealth
   608 | D:2      | Reached skill level 1 in Unarmed Combat
   608 | D:2      | Reached skill level 1 in Spellcasting
   608 | D:2      | Reached skill level 1 in Invocations
   608 | D:2      | Reached skill level 1 in Evocations
   648 | D:2      | Reached XP level 4. HP: 41/41 MP: 5/5
  1009 | D:2      | Reached skill level 1 in Conjurations
  1009 | D:2      | Reached skill level 1 in Hexes
  1009 | D:2      | Reached skill level 1 in Summonings
  1009 | D:2      | Reached skill level 1 in Necromancy
  1009 | D:2      | Reached skill level 1 in Translocations
  1009 | D:2      | Reached skill level 1 in Transmutations
  1009 | D:2      | Reached skill level 1 in Fire Magic
  1009 | D:2      | Reached skill level 1 in Ice Magic
  1009 | D:2      | Reached skill level 1 in Air Magic
  1009 | D:2      | Reached skill level 1 in Earth Magic
  1009 | D:2      | Reached skill level 1 in Poison Magic
  1568 | D:3      | Found a faded altar of an unknown god.
  1578 | D:3      | Reached XP level 5. HP: 47/47 MP: 6/6
  1579 | D:3      | Prayed at the altar of an unknown god.
  1579 | D:3      | Became a worshipper of Elyvilon the Healer
  1579 | D:3      | Reached * piety under Elyvilon
  2063 | D:3      | Found a shadowy altar of Dithmenos.
  2087 | D:3      | Found an ancient bone altar of Kikubaaqudgha.
  2092 | D:3      | Found a hazy altar of Hepliaklqana.
  2388 | D:3      | Found a broken altar of Ashenzari.
  2558 | D:4      | You fall into a shaft and drop 3 floors!
  2580 | D:7      | Reached ** piety under Elyvilon
  2640 | D:7      | Reached XP level 6. HP: 53/53 MP: 8/8
  2977 | D:6      | Found Ihup's Jewellery Emporium.
  3009 | D:6      | Noticed a black bear
  3028 | D:6      | Killed a black bear
  3029 | D:6      | Reached skill level 5 in Axes
  3255 | D:5      | Entered Level 5 of the Dungeon
  3318 | D:5      | Noticed a shadow
  3530 | D:6      | Reached XP level 7. HP: 40/60 MP: 10/10
  3764 | D:6      | Noticed Dowan
  3764 | D:6      | Noticed Duvessa
  3782 | D:6      | Killed Dowan
  3795 | D:6      | Elyvilon protects you from harm!
  3797 | D:6      | Mangled by Duvessa

Illustrated notes

Levels and vault maps discovered:
D:1:      saegor_arrival_simple_c, layout_basic
D:2:      layout_basic, bh_walls_and_bars, uniq_jessica
D:3:      minmay_skewed_foursquare, layout_rooms, marbit_many_paths,
          mainiacjoe_overflow_alcove_2, minitemple,
          ebering_ecumenical_altar_sacrificial
D:4:      layout_basic, zin_academy, kennysheep_mini, overflow_temple_1_default,
          grunt_decor_cap, minmay_goblin_outpost, uniq_ijyb
D:5:      cheibrodos_fzero, layout_basic, kennysheep_little_box, serial_shops,
          nicolae_shop_waterfront, ebering_ghost_sewer_d
D:6:      layout_basic, lemuel_coloured_pillars_altar,
          minmay_temple_entry_poolview, serial_shops, shop, uniq_duvessa
D:7:      layout_basic, grunt_ministairs_10

Skill      XL: |  1  2  3  4  5  6  7 |
---------------+----------------------+-----
Short Blades   | 1 2 |  2.7
Long Blades    | 1 2 |  2.7
Maces & Flails | 1 2 |  2.7
Polearms       | 1 2 |  2.7
Staves         | 1 2 |  2.7
Slings         | 1 2 |  2.7
Bows           | 1 2 |  2.7
Crossbows      | 1 2 |  2.7
Throwing       | 1 2 |  2.7
Dodging        | 1 2 |  2.7
Stealth        | 1 2 |  2.7
Unarmed Combat | 1 2 |  2.7
Spellcasting   | 1 2 |  2.7
Invocations    | 1 2 3 |  3.0
Evocations     | 1 2 |  2.7
Conjurations   | 1 2 |  2.2
Hexes          | 1 2 |  2.2
Summonings     | 1 2 |  2.2
Necromancy     | 1 2 |  2.2
Translocations | 1 2 |  2.2
Transmutations | 1 2 |  2.2
Fire Magic     | 1 2 |  2.2
Ice Magic      | 1 2 |  2.2
Air Magic      | 1 2 |  2.2
Earth Magic    | 1 2 |  2.2
Poison Magic   | 1 2 |  2.2
Axes           | 5 |  5.3
Fighting       | 7 |  7.1
Armour         | 7 |  7.1
Shields        | 7 |  7.1

Action                   |  1- 3 |  4- 6 |  7- 9 || total
-------------------------+-------+-------+-------++-------
Melee: War axe           |    58 |   108 |       ||   166
       Bite              |     5 |    17 |     7 ||    29
       Dagger            |       |    59 |    45 ||   104
Throw: Stone             |       |     3 |       ||     3
       Dart              |       |     2 |       ||     2
  Use: Potion            |       |       |     2 ||     2
Armor: Scale mail        |    28 |    79 |     6 ||   113
Dodge: Dodged            |    30 |    79 |    14 ||   123
Block: Buckler           |    15 |    36 |    13 ||    64
